 Dungeon Crawl Stone Soup version 0.30-a0-634-g8abc85282e (webtiles) character file.

Game seed: 12510432711641871138

1 kingofthe the Caller (level 1, 0/13 HPs)
             Began as a Merfolk Summoner on Jan 14, 2023.
             Slain by a jackal (1 damage)
             ... on level 1 of the Dungeon.
             The game lasted 00:00:32 (44 turns).

kingofthe the Caller (Merfolk Summoner)               Turns: 44, Time: 00:00:33

Health: 0/13       AC:  3    Str:  8    XL:     1   Next: 20%
Magic:  1/3        EV: 12    Int: 14    God:
Gold:   22         SH:  0    Dex: 14    Spells: 3/4 levels left

rFire   . . .      SeeInvis .    (no weapon)
rCold   . . .      Faith    .    (no shield)
rNeg    . . .      Spirit   .    a - +1 robe
rPois   .          Reflect  .    (no helmet)
rElec   .          Harm     .    (no cloak)
rCorr   .          Rampage  .    (no gloves)
Will    .....                    (no boots)
Stlth   ++                       (no amulet)
HPRegen 0.22/turn                (no ring)
MPRegen 0.08/turn                (no ring)

@: no status effects
A: (nimble swimmer 2), mertail
a: no special abilities


You were on level 1 of the Dungeon.
You visited 1 branch of the dungeon, and saw 1 of its levels.

You collected 22 gold pieces.

Inventory:

Armour
 a - a +1 robe (worn)
Potions
 b - a potion of magic


   Skills:
 + Level 2.7 Dodging
 + Level 2.2 Stealth
 + Level 2.0 Spellcasting
 + Level 4.0 Summonings


You had 3 spell levels left.
You knew the following spells:

 Your Spells              Type           Power      Damage    Failure   Level
a - Summon Small Mammal   Summ           48%        N/A       4%          1

Your spell library contained the following spells:

 Spells                   Type           Power      Damage    Failure   Level
 Call Imp                 Summ           12%        N/A       7%          2
 Call Canine Familiar     Summ           12%        N/A       14%         3
 Summon Guardian Golem    Hex/Summ       7%         N/A       30%         3
 Summon Lightning Spire   Summ/Air       7%         N/A       71%         4


Dungeon Overview and Level Annotations

Branches:
Dungeon (1/15)

Altars:


Innate Abilities, Weirdness & Mutations

((You are very nimble when in or above water. (Stealth+, EV+, Speed+++)))
Your lower body shifts to a powerful aquatic tail in water.


Message History

The jackal bites you. The jackal closely misses you.
The jackal attacks as you move away! The jackal misses you.
Your bat hits the jackal but does no damage.
The jackal barely misses you. The jackal attacks as you move away!
The jackal closely misses you.
Your bat hits the jackal but does no damage.
The jackal barely misses you.
Your bat closely misses the jackal.
Your bat hits the jackal.
Your bat closely misses the jackal.
A jackal comes into view.
Your bat hits the jackal. The jackal bites your bat.
Your bat misses the jackal. The jackal misses your bat. The jackal bites you.
The jackal attacks as you move away! The jackal bites you.
Your bat barely misses the jackal.
The jackal completely misses your bat.
Casting: Summon Small Mammal (safe; 4% risk of failure)
Confirm with . or Enter, or press ? or * to list all spells.
The jackal closely misses your bat.
Your bat hits the jackal but does no damage.
The jackal misses you.
You completely miss the jackal. The jackal bites you.
Your bat barely misses the jackal.
The jackal bites you.
* * * LOW HITPOINT WARNING * * *
You barely miss the jackal. The jackal closely misses your rat.
The jackal barely misses you.
Your rat bites the jackal but does no damage.
Your bat hits the jackal. You hit the jackal but do no damage.
Your bat hits the jackal. The jackal closely misses your rat.
The jackal bites you.
* * * LOW HITPOINT WARNING * * *
The jackal barely misses your rat.
Your rat barely misses the jackal.
The jackal bites you.
* * * LOW HITPOINT WARNING * * *
As you read the scroll labelled ALAOPP UKECSU, it crumbles to dust.
It is a scroll of enchant armour.
Your +0 robe glows green for a moment.
Your bat barely misses the jackal.
The jackal bites your rat. The jackal barely misses you.
Your rat bites the jackal.
Your bat barely misses the jackal.
The jackal attacks as you move away! The jackal bites you.
You die...

#.##~~.......~~# ...
#####.#≈~.........~##... .
#.....~~....~~~....~≈...
..##.....~....~...~....~...
..............~.<.~........
.........~....~...~....~.#
#.....)..~~...b~~~....~~.#
#.##.....#~~.hr......≈##.#
#.....##~~.h@....≈~#
#.#.#.##≈≈~h#...#~~≈#
#.#.#.###≈#~#..~###≈# #
#.#.# ######### ## #.#.#
#.#.#


You could see 3 jackals, a friendly bat (summoned) and a friendly rat
(summoned).

Vanquished Creatures
  A goblin (D:1)
1 creature vanquished.

Notes
Turn   | Place    | Note
-------+----------+-------------------------------------------
     0 | D:1      | kingofthe the Merfolk Summoner began the quest for the Orb.
     0 | D:1      | Reached XP level 1. HP: 13/13 MP: 3/3
    44 | D:1      | Slain by a jackal

Illustrated notes

Levels and vault maps discovered:
D:1:      enne_arrival_octagon_isle, layout_basic, minmay_lizard_pond

Action                   || total
-------------------------++-------
Melee: Unarmed           ||    12
 Cast: Summon Small Mamm ||     3
  Use: Scroll            ||     1
Armor: Robe              ||     1
Dodge: Dodged            ||    12

Table legend: (Time is in decaauts)
 A = Elapsed time spent in this place.
 B = Non-inter-level travel time spent in this place.
 C = Inter-level travel time spent in this place.
 D = Time resting spent in this place.
 E = Time spent auto-exploring this place.
 F = Levels seen in this place.
 G = Mean time per level.
                   A        B        C        D        E       F      G
               +--------+--------+--------+--------+--------+-----+--------+
         Total |     42 |     42 |      0 |      0 |     13 |   1 |   42.0 |
       Dungeon |     42 |     42 |      0 |      0 |     13 |   1 |   42.0 |
               +--------+--------+--------+--------+--------+-----+--------+

Top non-repeatable levels by time:
     D:1: 42 daAuts
